 Dungeon Crawl Stone Soup version 0.31-a0-233-g139696dc86 (webtiles) character file.

Game seed: 7771515193696353820

86 qw the Shooter (level 4, -1/36 HPs)
             Began as a Minotaur Hexslinger on July 7, 2023.
             Killed from afar by a dart slug (4 damage)
             ... with a slug dart
             ... on level 3 of the Dungeon.
             The game lasted 00:00:44 (1628 turns).

qw the Shooter (Minotaur Hexslinger)                Turns: 1628, Time: 00:00:44

Health: -1/36      AC:  2    Str: 12    XL:     4   Next: 27%
Magic:  4/4        EV: 12    Int: 10    God:
Gold:   52         SH:  0    Dex: 15    Spells: 4/5 levels left

rFire   . . .        Y - +2 sling
rCold   . . .        (no shield)
rNeg    . . .        c - +0 robe
rPois   .            (helmet restricted)
rElec   .            (no cloak)
rCorr   .            (no gloves)
SInv    .            (no boots)
Will    .....        (no amulet)
Stlth   +            (no ring)
HPRegen 0.26/turn    (no ring)
MPRegen 0.09/turn

%: no passive effects
@: confused
A: horns 2, retaliatory headbutt
a: no special abilities


You were on level 3 of the Dungeon.
You visited 1 branch of the dungeon, and saw 3 of its levels.

You collected 52 gold pieces.


Innate Abilities, Weirdness & Mutations

You have a pair of horns on your head.
You reflexively headbutt those who attack you in melee.


   Skills:
 - Level 2.0 Fighting
 + Level 4.8 Ranged Weapons
 - Level 2.1 Dodging
 - Level 1.0 Spellcasting
 - Level 2.0 Hexes


You had 4 spell levels left.
You knew the following spells:

 Your Spells              Type           Power      Damage    Failure   Level
a - Slow                  Hex            16%        N/A       16%         1

Your spell library contained the following spells:

 Spells                   Type           Power      Damage    Failure   Level
 Inner Flame              Hex/Fire       2%         N/A       56%         3
 Portal Projectile        Hex/Tloc       4%         N/A       56%         3
 Cause Fear               Hex            2%         N/A       83%         4

Inventory:

Hand Weapons
 Y - a +2 sling (weapon)
Armour
 c - a +0 robe (worn)
Jewellery
 a - a ring of fire
Potions
 e - a potion of cancellation
 f - a potion of haste {unknown}
 i - a potion of berserk rage {unknown}
 j - a potion of brilliance {unknown}
 l - a potion of lignification {unknown}

Dungeon Overview and Level Annotations

Branches:
Dungeon (3/15)

Altars:
Vehumet

Shops:
D:2 [


Message History

The orc shouts!
The orc wizard hits you with a +0 dagger.
The orc wizard closely misses you. The orc wizard closely misses you.
The orc wizard completely misses you.
You feel less confused.
You shoot a sling bullet.
The sling bullet completely misses the orc wizard.
The orc wizard hits you with a +0 dagger.
You shoot a sling bullet. The sling bullet hits the orc wizard.
The orc wizard is moderately wounded.
The orc wizard closely misses you. The dart slug launches a dart at you.
The slug dart misses you.
You shoot a sling bullet. The sling bullet hits the orc wizard!
The orc wizard is almost dead.
The orc wizard points at you and mumbles some strange words.
You resist with some effort. The dart slug launches a dart at you.
The slug dart hits you. The orc hits you with a +0 flail.
The orc wizard casts a spell at you.
You are confused.
The dart slug closely misses you. The orc hits you with a +0 flail!
The orc wizard points at you and mumbles some strange words.
You are more confused.
The orc barely misses you.
The orc wizard hits you with a +0 dagger.
The dart slug closely misses you. The orc misses you.
The orc wizard hits you with a +0 dagger.
The dart slug bites you. The orc closely misses you.
The orc wizard closely misses you. The orc closely misses you.
The orc wizard hits you with a +0 dagger.
The dart slug closely misses you. The orc closely misses you.
The orc wizard points at you and mumbles some strange words.
The magic dart hits you! The dart slug launches a dart at you.
The slug dart hits you.
You die...

### #.... #.# #.#
..##.##.###.# #.# ###
........##.###.##
#... #...#........%.#
#...###.###.#######.#
#...)#...#..# ##.##
#...._....######...#
#..#woo#.........#<#
##@###.######...#
#...#..# #####
........# #..##.#####
.... ... #### #.. #..
##.#


You could see an orc wizard, a dart slug and an orc.

Vanquished Creatures
  Robin (D:2)
  A dart slug (D:1)
  2 orcs (D:3)
  7 bats
  5 endoplasms
  3 giant cockroaches
  8 goblins
  9 hobgoblins
  6 jackals (D:1)
  2 kobolds (D:1)
  2 quokkas (D:2)
  5 ball pythons
  7 frilled lizards
  5 rats
63 creatures vanquished.

Notes
Turn   | Place    | Note
-------+----------+-------------------------------------------
     0 | D:1      | qw the Minotaur Hexslinger began the quest for the Orb.
     0 | D:1      | Reached XP level 1. HP: 16/16 MP: 1/1
     0 | D:1      | 0 ||| qw: Version: 0.3-a-46-gb1f654a
     0 | D:1      | 0 ||| qw: Game counter: 3199
     0 | D:1      | 0 ||| qw: Melee chars always use a shield: true
     0 | D:1      | 0 ||| qw: God list: Okawaru
     0 | D:1      | 0 ||| qw: Allow faded altars: false
     0 | D:1      | 0 ||| qw: Do Orc after clearing Dungeon:15 true
     0 | D:1      | 0 ||| qw: Do second Lair branch before Depths: true
     0 | D:1      | 0 ||| qw: Lair rune preference: random
     0 | D:1      | 0 ||| qw: Goals: Normal
     0 | D:1      | 0 ||| PLANNING D:1-11
   135 | D:1      | Reached skill level 3 in Ranged Weapons
   135 | D:1      | Reached XP level 2. HP: 23/23 MP: 2/2
   485 | D:1      | Reached XP level 3. HP: 29/29 MP: 3/3
   738 | D:1      | 738 ||| READING scroll labelled AHUMAE NATAXA.
   739 | D:1      | 739 ||| READING scroll labelled MOCEOFU RIFU.
   740 | D:1      | 740 ||| DROPPING scroll of poison.
   871 | D:2      | Reached skill level 4 in Ranged Weapons
   883 | D:2      | Noticed Robin
   888 | D:2      | 888 ||| FLEEEEING.
   900 | D:2      | Killed Robin
   900 | D:2      | HP: 5/29 [hobgoblin[Robin] (5)]
   902 | D:2      | Reached XP level 4. HP: 7/36 MP: 4/4
  1016 | D:2      | Found Lyesag's Antique Armour Boutique.
  1033 | D:2      | 1033 ||| SHOPLISTING leather armour (52 gold, have 38).
  1033 | D:2      | 1033 ||| SHOPLISTING ring mail (104 gold, have 38).
  1033 | D:2      | 1033 ||| SHOPLISTING runed scarf (208 gold, have 38).
  1033 | D:2      | 1033 ||| SHOPLISTING smoking leather armour (182 gold, have
                  | 38).
  1537 | D:2      | 1537 ||| READING scroll labelled WOCWACHENI.
  1538 | D:2      | 1538 ||| READING scroll labelled DUVU ITUERIE.
  1539 | D:2      | 1539 ||| READING 2 scrolls labelled SAORYU XI XOJ.
  1540 | D:2      | 1540 ||| READING 2 scrolls labelled CUT PUJU BECW.
  1541 | D:2      | 1541 ||| DRINKING 2 white potions.
  1542 | D:2      | 1542 ||| DROPPING scroll of noise.
  1543 | D:2      | 1543 ||| DROPPING scroll of amnesia.
  1594 | D:3      | Found a radiant altar of Vehumet.
  1610 | D:3      | 1610 ||| DRINKING potion of curing.
  1610 | D:3      | 1610 ||| (to cure confusion)
  1627 | D:3      | HP: 3/36 [orc wizard/magic dart (8)]
  1628 | D:3      | Killed from afar by a dart slug

Levels and vault maps discovered:
D:1:      evilmike_arrival_hilbert_curve, layout_loops_ring
D:2:      layout_loops_cross, serial_shops, shop, uniq_robin
D:3:      layout_loops_ring, vehumet_crystals, lightli_temple_of_fire,
          mainiacjoe_overflow_alcove_4, kennysheep_donut

Skill      XL: |  1  2  3 |
---------------+----------+-----
Ranged Weapons | 3 4 |  4.8
Fighting       | 2 |  2.0
Dodging        | |  2.1
Spellcasting   | |  1.0
Hexes          | |  2.0

Action                     |  1- 3 |  4- 6 || total
---------------------------+-------+-------++-------
   Fire: Sling             |   131 |    34 ||   165
    Use: Scroll            |     2 |     4 ||     6
         Potion            |       |     2 ||     2
 Armour: Robe              |    16 |     1 ||    17
  Dodge: Dodged            |    59 |    18 ||    77

Table legend:
 A = Non-vault XP
 B = Vault XP
 C = Vault XP percentage of total XP
 D = Non-vault monster count
 E = Vault monster count
 F = Vault count percentage of total count
                 A         B        C        D         E       F
            +---------+---------+-------+---------+---------+-------
      Total |      85 |      39 |  31.5 |      50 |      13 |  20.6
            +---------+---------+-------+---------+---------+-------
        D:1 |      51 |       0 |   0.0 |      30 |       0 |   0.0
        D:2 |      26 |      39 |  60.0 |      16 |      13 |  44.8
        D:3 |       8 |       0 |   0.0 |       4 |       0 |   0.0
            +---------+---------+-------+---------+---------+-------
